 Dungeon Crawl Stone Soup version 0.28.0-43-g3370ac3207 (webtiles) character file.

Game seed: 6147985211067471528

77 tizbic2 the Grave Robber (level 4, -5/35 HPs)
             Began as a Ghoul Necromancer on Mar 23, 2022.
             Slain by a water moccasin zombie (6 damage)
             ... on level 3 of the Dungeon.
             The game lasted 00:07:38 (2625 turns).

tizbic2 the Grave Robber (Ghoul Necromancer)        Turns: 2625, Time: 00:07:38

Health: -5/35      AC:  5    Str: 11    XL:     4   Next: 33%
Magic:  6/6        EV: 10    Int: 12    God:
Gold:   145        SH:  0    Dex:  9    Spells: 6/7 levels left

rFire   . . .      SeeInvis .   f - +0 dagger
rCold   + . .      Faith    .   (no shield)
rNeg    + + +      Spirit   .   h - +0 ring mail
rPois   ∞          Reflect  .   (no helmet)
rElec   .          Harm     .   (no cloak)
rCorr   .          Rampage  .   (no gloves)
Will    .....                   (no boots)
Stlth   +.........              (no amulet)
HPRegen 0.00/turn               (no ring)
MPRegen 0.10/turn               (no ring)

@: inhibited regen
A: claws 1, cold resistance 1, negative energy resistance 3, inhibited
regeneration, torment resistance 2
a: no special abilities


You were on level 3 of the Dungeon.
You visited 1 branch of the dungeon, and saw 3 of its levels.

You collected 145 gold pieces.

Inventory:

Hand Weapons
 f - a +0 dagger (weapon)
 m - a +0 quarterstaff
Missiles
 d - 70 stones (quivered)
Armour
 a - a +0 robe
 h - a +0 ring mail (worn)
Scrolls
 c - a scroll of summoning {unknown}
 e - a scroll of teleportation
 g - a scroll of identify
 j - 3 scrolls of amnesia
Potions
 b - 2 potions of cancellation
 k - a potion of curing {unknown}
 l - a potion of invisibility {unknown}


   Skills:
 + Level 1.6 Fighting
 + Level 0.5 Staves
 - Level 1.8 Dodging
 - Level 2.2 Stealth
 + Level 2.3 Spellcasting
 * Level 4.8 Necromancy


You had 6 spell levels left.
You knew the following spells:

 Your Spells              Type           Power      Damage    Failure   Level
a - Pain                  Necr           52%        1d6       9%          1

Your spell library contained the following spells:

 Spells                   Type           Power      Damage    Failure   Level
 Animate Skeleton         Necr           26%        N/A       9%          1
 Vampiric Draining        Necr           13%        2d6       26%         3
 Animate Dead             Necr           6%         N/A       65%         4
 Agony                    Necr           13%        N/A       94%         5


Dungeon Overview and Level Annotations

Branches:
Dungeon (3/15)

Altars:


Innate Abilities, Weirdness & Mutations

You thrive by killing the living.
You are immune to poison.
You have sharp fingernails.
Your flesh is cold resistant. (rC+)
You are immune to negative energy. (rN+++)
You do not regenerate when monsters are visible.
You are immune to unholy pain and torment.


Message History

The water moccasin zombie bites you but does no damage.
You closely miss the water moccasin zombie.
The water moccasin zombie is heavily damaged.
The water moccasin zombie barely misses you.
You hit the water moccasin zombie.
The water moccasin zombie is heavily damaged.
The water moccasin zombie barely misses you.
You hit the water moccasin zombie but do no damage.
The water moccasin zombie is heavily damaged.
The water moccasin zombie misses you.
You closely miss the water moccasin zombie.
The water moccasin zombie is heavily damaged.
The water moccasin zombie bites you.
* * * LOW HITPOINT WARNING * * *
The water moccasin zombie closely misses you.
You hit the water moccasin zombie.
The water moccasin zombie is heavily damaged.
The water moccasin zombie bites you but does no damage.
You closely miss the water moccasin zombie.
The water moccasin zombie is heavily damaged.
The water moccasin zombie bites you but does no damage.
You hit the water moccasin zombie.
The water moccasin zombie is severely damaged.
The water moccasin zombie closely misses you.
You barely miss the water moccasin zombie.
The water moccasin zombie is severely damaged.
The water moccasin zombie barely misses you.
You hit the water moccasin zombie.
The water moccasin zombie is severely damaged.
The water moccasin zombie bites you.
* * * LOW HITPOINT WARNING * * *
The water moccasin zombie closely misses you.
You hit the water moccasin zombie.
The water moccasin zombie is almost destroyed.
The water moccasin zombie bites you.
* * * LOW HITPOINT WARNING * * *
You hit the water moccasin zombie.
The water moccasin zombie is almost destroyed.
The water moccasin zombie bites you.
You die...

#.####........#
#....#.........
####.#######...
#######.# ..
#.......#
#......(#
#.......#
#######.#
#######@#
#......Z#
#.......#
#.......#
#........
#.......)
#.........
#.........
#######.###


You could see a water moccasin zombie.

Vanquished Creatures
  2 adders
  3 worms
  An orc (D:3)
  7 endoplasms
  2 giant cockroaches
  4 goblins
  3 hobgoblins
  2 quokkas
  8 ball pythons
  7 bats
  2 frilled lizards
  2 kobolds
  5 rats
48 creatures vanquished.

Notes
Turn   | Place    | Note
-------+----------+-------------------------------------------
     0 | D:1      | tizbic2 the Ghoul Necromancer began the quest for the Orb.
     0 | D:1      | Reached XP level 1. HP: 14/14 MP: 2/2
   539 | D:1      | Reached XP level 2. HP: 22/22 MP: 3/3
  1097 | D:2      | Reached skill level 1 in Fighting
  1145 | D:2      | Reached XP level 3. HP: 20/28 MP: 3/5
  2408 | D:3      | Reached XP level 4. HP: 31/35 MP: 6/6
  2624 | D:3      | HP: 1/35 [water moccasin zombie (1)]
  2625 | D:3      | Slain by a water moccasin zombie

Illustrated notes

Levels and vault maps discovered:
D:1:      minmay_arrival_five_plusses, layout_basic
D:2:      layout_basic, st_stairs_8, fountainhead
D:3:      layout_basic, basic_ecumenical_altar

Skill      XL: |  1  2 |
---------------+-------+-----
Spellcasting   | 2 |  2.3
Fighting       | 1 |  1.6
Staves         | |  0.5
Dodging        | |  1.8
Stealth        | |  2.2
Necromancy     | |  4.8

Action                   |  1- 3 |  4- 6 || total
-------------------------+-------+-------++-------
Melee: Long sword        |    45 |       ||    45
       Punch             |     3 |       ||     3
       Dagger            |    32 |    11 ||    43
       Quarterstaff      |    41 |    20 ||    61
Throw: Stone             |    11 |     5 ||    16
 Cast: Pain              |    24 |     8 ||    32
  Use: Scroll            |     5 |       ||     5
 Stab: Sleeping          |     3 |       ||     3
Armor: Robe              |    16 |       ||    16
       Ring mail         |    31 |     8 ||    39
Dodge: Dodged            |    83 |    19 ||   102
